Map: Central Protocol

Players

Taejin - Winner!

  • Race: Protoss Protoss
  • League: Gold

Grumm

  • Race: Protoss Protoss
  • League: Gold

VOD

Have the link to the VOD?

Description

Time

  • Played on: Jan. 23, 2016, 1:08 a.m.
  • Length: 9:53
Show
View Real Time Build Order
Export as new Build Order

Taejin Protoss - Winner!

Build Orders:  

Get SALT Encoding   

  12  0:02  Probe (Chrono Boost)  
  13  0:13  Probe (Chrono Boost)  
  14  0:24  Pylon  
  14  0:26  Probe (Chrono Boost)  
  15  0:42  Probe (Chrono Boost)  
  16  0:47  Gateway  
  16  0:53  Probe (Chrono Boost)  
  16  0:56  Assimilator  
  18  1:04  Probe (Chrono Boost)  
  18  1:05  Gateway  
  18  1:14  Probe (Chrono Boost)  
  19  1:26  Pylon  
  19  1:28  Probe (Chrono Boost)  
  20  1:35  Cybernetics Core  
  20  1:38  Probe (Chrono Boost)  
  21  2:04  Nexus  
  21  2:14  Adept x2  
  25  2:16  Warp Gate  
  25  2:23  Assimilator  
  25  2:25  Probe (Chrono Boost)  
  26  2:36  Probe (Chrono Boost)  
  28  2:51  Probe (Chrono Boost)  
  28  3:02  Mothership Core (Chrono Boost)  
  30  3:20  Probe (Chrono Boost)  
  31  3:45  Probe x2 (Chrono Boost)  
  33  3:56  Probe x2 (Chrono Boost)  
  35  4:08  Pylon  
  35  4:12  Pylon  
  35  4:13  Probe x2 (Chrono Boost)  
  35  4:15  Pylon  
  37  4:18  Pylon  
  37  4:34  Probe x2 (Chrono Boost)  
  37  4:36  Assimilator  
  37  4:38  Pylon  
  37  4:58  Forge  
  35  5:00  Probe x2 (Chrono Boost)  
  35  5:01  Forge  
  37  5:08  Robotics Facility  
  37  5:10  Probe (Chrono Boost)  
  38  5:15  Gateway x2  
  38  5:18  Gateway  
  38  5:20  Gateway  
  38  5:21  Probe x2 (Chrono Boost)  
  40  5:25  Gateway  
  40  5:27  Gateway  
  40  5:38  Protoss Ground Weapons Level 1 (Chrono Boost)  
  40  5:39  Protoss Ground Armor Level 1 (Chrono Boost)  
  40  5:42  Photon Cannon  
  40  5:43  Photon Cannon  
  40  5:45  Probe (Chrono Boost)  
  40  5:46  Probe (Chrono Boost)  
  40  5:49  Assimilator  
  42  5:57  Pylon  
  42  5:58  Probe  
  42  5:59  Pylon, Probe  
  42  6:02  Pylon  
  44  6:04  Sentry x2  
  44  6:06  Pylon  
  47  6:30  Probe x2  
  47  6:32  Immortal  
  53  6:36  Twilight Council  
  53  6:42  Probe x2, Stalker x2  
  59  6:52  Robotics Facility  
  59  6:54  Probe x2  
  59  6:59  Robotics Bay  
  61  7:06  Probe x2  
  63  7:11  Warp Prism  
  63  7:12  Sentry x2  
  63  7:13  Zealot  
  63  7:14  Zealot x3  
  74  7:23  Probe x2  
  74  7:29  Blink  
  76  7:39  Immortal  
  80  7:45  Stalker x2  
  80  7:46  Stalker  
  80  7:47  Stalker  
  88  7:59  Probe x2  
  90  8:25  Nexus  
  90  8:36  Zealot  
  90  8:37  Zealot x4  
  90  8:39  Zealot x3  
  106  9:06  Stalker x5  
  106  9:07  Stalker  
  118  9:12  Pylon  
  118  9:14  Pylon  
  118  9:16  Pylon  
  118  9:30  Stalker x3  
  118  9:31  Stalker x2  
Show
View Real Time Build Order
Export as new Build Order

Grumm Protoss 

Build Orders: Nexus First 

Get SALT Encoding   

  12  0:01  Probe (Chrono Boost)  
  13  0:17  Pylon  
  13  0:18  Probe (Chrono Boost)  
  14  0:31  Assimilator, Probe (Chrono Boost)  
  15  1:03  Nexus  
  15  1:07  Probe (Chrono Boost)  
  16  1:24  Gateway  
  16  1:27  Probe (Chrono Boost)  
  17  1:34  Assimilator  
  18  1:40  Probe (Chrono Boost)  
  18  1:53  Probe (Chrono Boost)  
  19  2:03  Probe (Chrono Boost)  
  19  2:05  Pylon  
  20  2:12  Cybernetics Core  
  20  2:24  Forge  
  20  2:27  Probe x2 (Chrono Boost)  
  22  2:40  Assimilator  
  22  2:53  Mothership Core (Chrono Boost)  
  22  2:58  Photon Cannon  
  24  3:09  Stargate  
  24  3:12  Probe x2 (Chrono Boost)  
  26  3:23  Pylon  
  18  3:50  Pylon  
  18  3:53  Stalker  
  17  4:40  Photon Cannon  
  13  4:53  Oracle  
  14  5:01  Probe (Chrono Boost)  
  15  5:15  Warp Gate  
  15  5:16  Probe (Chrono Boost)  
  16  5:22  Probe (Chrono Boost)  
  17  5:38  Probe (Chrono Boost)  
  17  5:39  Probe (Chrono Boost)  
  19  5:57  Probe x2 (Chrono Boost)  
  21  6:08  Probe x2 (Chrono Boost)  
  22  6:31  Probe x2 (Chrono Boost)  
  24  6:32  Void Ray  
  28  6:41  Probe x2 (Chrono Boost)  
  30  6:58  Stargate  
  32  7:01  Probe x2 (Chrono Boost)  
  29  7:27  Void Ray (Chrono Boost), Probe x2 (Chrono Boost)  
  35  7:37  Probe x2 (Chrono Boost)  
  37  7:47  Void Ray (Chrono Boost)  
  37  7:50  Probe  
  42  8:09  Probe  
  47  8:13  Void Ray (Chrono Boost), Probe  
  47  8:19  Probe  
  48  8:25  Probe  
  50  8:30  Probe  
  51  8:37  Void Ray (Chrono Boost)  
  51  8:40  Probe  
  56  8:41  Probe  
  57  8:50  Pylon  
  50  8:59  Assimilator  
  50  9:00  Pylon  
Tags
 
Add a new tag
Caveats
  • Supply blocks, unpowered buildings, or Contaminate may cause inaccurate times.
  • Supply counts are checked every 10 seconds.